Match 41946615
Unlisted

Match 41946615
End
Pioneer Squad
Construct Infanterie Kompanie
Selects Terror Battlegroup
Selects Machine Gun Camouflage
MG 42 Machine Gun Team
Grenadier Squad
Grenadier Squad
MG 42 Machine Gun Team
Selects Interrogate
GrW 34 Mortar Team
Construct Panzergrenadier Kompanie
Panzergrenadier Squad
Pak 40 Anti-tank Gun Team
Selects Jericho Trumpet
Support Elements
Nebelwerfer 42 Rocket Launcher Team
Nebelwerfer 42 Rocket Launcher Team
Pak 40 Anti-tank Gun Team
StuG III G Assault Gun
StuG III G Assault Gun
Selects V1 Rocket Strike
Medical Station
V1 Rocket Strike
Construct Panzer Kompanie
Jericho Trumpet
Sturmpanzer IV Brummbär
V1 Rocket Strike
Sturmpanzer IV Brummbär
Selects No Quarter
Pak 40 Anti-tank Gun Team
Stoßtruppen Squad
Grenadier Squad
Jericho Trumpet
pyromaniac
무언가
霸气登场
Poli
Dawes
agnusdei
Whitent
Yami
0
0

Comments sign in to comment!

No comments posted yet!